 Dungeon Crawl Stone Soup version 0.29.0-4-gdea44cf6ec (webtiles) character file.

Game seed: 5286071899700742911

72 qw the Ruffian (level 4, -4/35 HPs)
             Began as a Ghoul Fire Elementalist on Aug 29, 2022.
             Slain by Sigmund
             ... wielding a +0 scythe
              (8 damage)
             ... on level 2 of the Dungeon.
             The game lasted 00:01:35 (2032 turns).

qw the Ruffian (Ghoul Fire Elementalist)            Turns: 2032, Time: 00:01:36

Health: -4/35      AC:  3    Str: 13    XL:     4   Next: 25%
Magic:  5/5        EV: 11    Int: 10    God:
Gold:   52         SH:  2    Dex:  9    Spells: 5/6 levels left

rFire   . . .      SeeInvis .     - Unarmed
rCold   + . .      Faith    .   h - +0 buckler
rNeg    + + +      Spirit   .   a - +0 robe
rPois   inf        Reflect  .   (no helmet)
rElec   .          Harm     .   (no cloak)
rCorr   .          Rampage  .   (no gloves)
Will    .....                   f - +0 pair of boots
Stlth   ++........              (no amulet)
HPRegen 0.00/turn               (no ring)
MPRegen 0.09/turn               (no ring)

@: inhibited regen
A: claws 1, cold resistance 1, negative energy resistance 3, inhibited
regeneration, torment resistance 2, devour on kill
a: no special abilities


You were on level 2 of the Dungeon.
You visited 1 branch of the dungeon, and saw 2 of its levels.

You collected 52 gold pieces.


Innate Abilities, Weirdness & Mutations

You are immune to poison.
You have sharp fingernails.
Your flesh is cold resistant. (rC+)
You are immune to negative energy. (rN+++)
You do not regenerate when monsters are visible.
You are immune to unholy pain and torment.
You thrive by killing the living.


   Skills:
 - Level 1.1 Fighting
 - Level 1.7 Dodging
 - Level 2.1 Stealth
 + Level 3.8 Unarmed Combat
 - Level 1.7 Spellcasting
 - Level 0.7 Conjurations
 - Level 2.4 Fire Magic


You had 5 spell levels left.
You knew the following spells:

 Your Spells              Type           Power      Damage    Failure   Level
a - Foxfire               Conj/Fire      16%        2x1d4     22%         1

Your spell library contained the following spells:

 Spells                   Type           Power      Damage    Failure   Level
 Scorch                   Fire           10%        2d6       24%         2
 Conjure Flame            Conj/Fire      4%         6-21      56%         3
 Inner Flame              Hex/Fire       3%         N/A       63%         3
 Flame Wave               Conj/Fire      4%         2d5       92%         4

Inventory:

Armour
 a - a +0 robe (worn)
 f - a +0 pair of boots (worn)
 h - a +0 buckler (worn)
 l - a +0 ring mail
Jewellery
 b - a ring of wizardry
 m - a ring of resist corrosion
Scrolls
 c - a scroll of enchant weapon {unknown}
 g - a scroll of noise {unknown}
 i - 2 scrolls of poison {unknown}
 Y - 3 scrolls of identify
Potions
 d - 2 potions of curing
 e - a potion of haste {unknown}
 j - a potion of resistance {unknown}
 k - a potion of mutation {unknown}

Dungeon Overview and Level Annotations

Branches:
Dungeon (2/15)

Altars:

Annotations:
D:2 Sigmund


Message History

You kill the rat!
Sigmund the Dreaded comes into view.
He is wielding a +0 scythe.
Sigmund shouts!
Sigmund moves out of view.
Sigmund is nearby!
A hobgoblin comes into view.
The hobgoblin shouts!
Sigmund hits you from afar with a +0 scythe!
Sigmund hits you with a +0 scythe!
You closely miss Sigmund. You completely miss Sigmund.
Sigmund hits you with a +0 scythe.
You scratch Sigmund.
Sigmund is moderately wounded.
Sigmund misses you.
2025 ||| Stepping ~*~*~tactically~*~*~ (outnumbered).
You scratch the hobgoblin but do no damage.
The hobgoblin hits you but does no damage.
You scratch the hobgoblin.
The hobgoblin is heavily wounded.
The hobgoblin hits you.
You scratch the hobgoblin.
The hobgoblin is severely wounded.
The hobgoblin barely misses you.
You completely miss the hobgoblin.
The hobgoblin is severely wounded.
The hobgoblin barely misses you.
You scratch the hobgoblin.
The hobgoblin is almost dead.
The hobgoblin hits you.
You closely miss the hobgoblin.
The hobgoblin is almost dead.
Sigmund mumbles some strange words.
Sigmund flickers and vanishes!
Deactivating autopickup; reactivate with Ctrl-A.
The hobgoblin hits you.
You scratch the hobgoblin.
You kill the hobgoblin!
Something hits you!
You die...

.............
#####.####### ##### .
#.#...## #.... ..
#.##...# #... ...
#....8.# #..##..
###.}..# #....##
#..8.####{....#
##.....##%##..#
#####.#..@...#
#...#.####....#
#.###.# #.# #### #.#
#.# #.# ...# #.###.#
#.# ##.# #...#.# #.#
.#.###
###.#.#######.##
.#...#
####.#..........#####
.###.#
#....########.......#


There were no monsters in sight!

Vanquished Creatures
  3 adders (D:2)
  A dart slug (D:2)
  3 ball pythons (D:1)
  3 bats
  5 endoplasms
  A giant cockroach (D:1)
  5 goblins
  3 hobgoblins
  4 jackals (D:1)
  A kobold (D:1)
  3 quokkas
  2 frilled lizards
  5 rats
39 creatures vanquished.

Notes
Turn   | Place    | Note
-------+----------+-------------------------------------------
     0 | D:1      | qw the Ghoul Fire Elementalist began the quest for the Orb.
     0 | D:1      | Reached XP level 1. HP: 14/14 MP: 2/2
     0 | D:1      | 0 ||| qw: Version: 0.1-a-90-g952f4b7
     0 | D:1      | 0 ||| qw: Game counter: 3991
     0 | D:1      | 0 ||| qw: Always use a shield: true
     0 | D:1      | 0 ||| qw: God list: Okawaru
     0 | D:1      | 0 ||| qw: Allow faded altars: false
     0 | D:1      | 0 ||| qw: Do Orc after D:15 true
     0 | D:1      | 0 ||| qw: Do second Lair branch before Depths: true
     0 | D:1      | 0 ||| qw: Lair rune preference: random
     0 | D:1      | 0 ||| qw: Plans: Normal
     0 | D:1      | 0 ||| PLANNING D:1-11
   307 | D:1      | Reached skill level 1 in Unarmed Combat
   393 | D:1      | 393 ||| Stepping ~*~*~tactically~*~*~ (outnumbered).
   398 | D:1      | Reached XP level 2. HP: 11/22 MP: 3/3
   399 | D:1      | Reached skill level 1 in Fighting
   598 | D:1      | 598 ||| Stepping ~*~*~tactically~*~*~ (stealth).
   599 | D:1      | 599 ||| Stepping ~*~*~tactically~*~*~ (stealth).
   769 | D:1      | 769 ||| Stepping ~*~*~tactically~*~*~ (outnumbered).
   774 | D:1      | Reached skill level 2 in Unarmed Combat
  1062 | D:1      | Reached XP level 3. HP: 22/28 MP: 4/4
  1125 | D:1      | 1125 ||| Stepping ~*~*~tactically~*~*~ (stealth).
  1136 | D:1      | 1136 ||| Stepping ~*~*~tactically~*~*~ (stealth).
  1296 | D:1      | 1296 ||| UPGRADING to +0 pair of boots.
  1301 | D:1      | 1301 ||| UPGRADING to +0 buckler.
  1306 | D:1      | 1306 ||| READING scroll labelled WUMAKEFROU.
  1307 | D:1      | 1307 ||| READING 4 scrolls labelled RUDOJA QUNLOS.
  1308 | D:1      | 1308 ||| DRINKING 3 inky potions.
  1309 | D:1      | 1309 ||| READING 3 scrolls of identify.
  1309 | D:1      | 1309 ||| IDENTIFYING fizzy black potion
  1310 | D:1      | 1310 ||| DROPPING potion of magic.
  1311 | D:1      | 1311 ||| DROPPING potion of attraction.
  1432 | D:2      | 1432 ||| Stepping ~*~*~tactically~*~*~ (stealth).
  1450 | D:2      | Reached skill level 3 in Unarmed Combat
  1582 | D:2      | 1582 ||| Stepping ~*~*~tactically~*~*~ (stealth).
  1584 | D:2      | 1584 ||| Stepping ~*~*~tactically~*~*~ (stealth).
  1767 | D:2      | Found a faded altar of an unknown god.
  1798 | D:2      | Reached XP level 4. HP: 29/35 MP: 5/5
  2018 | D:2      | Noticed Sigmund
  2025 | D:2      | 2025 ||| Stepping ~*~*~tactically~*~*~ (outnumbered).
  2027 | D:2      | HP: 7/35 [hobgoblin (3)]
  2032 | D:2      | Slain by Sigmund

Levels and vault maps discovered:
D:1:      saegor_arrival_miasma, layout_basic
D:2:      layout_basic, hellmonk_ecumenical_altar_heavens_door,
          dk_noncrumbling_2, hangedman_feature_mirror, fountainhead,
          uniq_sigmund

Skill      XL: |  1  2  3 |
---------------+----------+-----
Unarmed Combat | 1 2 3 |  3.8
Fighting       | 1 |  1.1
Dodging        | |  1.7
Stealth        | |  2.1
Spellcasting   | |  1.7
Conjurations   | |  0.7
Fire Magic     | |  2.4

Action                   |  1- 3 |  4- 6 || total
-------------------------+-------+-------++-------
Melee: Unarmed           |   143 |    25 ||   168
       Punch             |     2 |       ||     2
  Use: Scroll            |     3 |       ||     3
       Potion            |     1 |       ||     1
Armor: Robe              |    32 |     4 ||    36
Dodge: Dodged            |    94 |     8 ||   102
Block: Buckler           |     2 |     1 ||     3

Table legend:
 A = Non-vault XP
 B = Vault XP
 C = Vault XP percentage of total XP
 D = Non-vault monster count
 E = Vault monster count
 F = Vault count percentage of total count
                 A         B        C        D         E       F
            +---------+---------+-------+---------+---------+-------
      Total |     105 |       0 |   0.0 |      39 |       0 |   0.0
            +---------+---------+-------+---------+---------+-------
        D:1 |      38 |       0 |   0.0 |      21 |       0 |   0.0
        D:2 |      67 |       0 |   0.0 |      18 |       0 |   0.0
            +---------+---------+-------+---------+---------+-------
